 Dungeon Sprint DCSS version 0.31.0-32-g396128a36d (webtiles) character file.

Game seed: 4446766693385147538

718 Heoruswealwe the Spear-Bearer (level 7, -7/73 HPs)
             Began as a Minotaur Fighter on Mar 9, 2024.
             Was an Initiate of Gozag.
             Mangled by a vampire mosquito (8 damage)
             ... in the Dungeon (Sprint IX: "|||||||||||||||||||||||||||||").
             The game lasted 00:01:21 (130 turns).

Heoruswealwe the Spear-Bearer (Minotaur Fighter)     Turns: 130, Time: 00:01:22

Health: -7/73      AC:  8    Str: 22    XL:     7   Next: 42%
Magic:  6/6        EV:  9    Int:  5    God:    Gozag
Gold:   0          SH:  4    Dex: 10    Spells: 6/6 levels left

rFire   . . .        a - +0 trident
rCold   . . .        d - +0 buckler
rNeg    . . .        c - +0 scale mail
rPois   .            (helmet restricted)
rElec   .            (no cloak)
rCorr   .            (no gloves)
SInv    .            (no boots)
Will    .....        (no amulet) Stlth
                     (no ring)
HPRegen 0.32/turn    (no ring)
MPRegen 0.10/turn

%: no teleportation
@: gold aura
A: horns 2, retaliatory headbutt
a: Renounce Religion, Potion Petition, Call Merchant, Bribe Branch


You were in the Dungeon.
You worshipped Gozag.
Gozag was noncommittal.
You visited 1 branch

Inventory:

Hand Weapons
 a - a +0 trident (weapon)
Armour
 c - a +0 scale mail (worn)
 d - a +0 buckler (worn)
Jewellery
 k - a +3 ring of strength
 l - a +2 ring of evasion
Wands
 h - a wand of quicksilver (10)
Scrolls
 j - 2 scrolls of blinking
Potions
 b - a potion of might
 e - 5 potions of curing
 f - 3 potions of heal wounds
 g - a potion of haste
 i - a potion of berserk rage


   Skills:
 + Level 10.4 Fighting
 * Level 13.8 Polearms
 + Level 10.4 Armour
 - Level 3.6 Shields


You had 6 spell levels left.
You didn't know any spells.
Your spell library was empty.

Dungeon Overview and Level Annotations

Branches:
Dungeon (1/1)

Altars:
Cheibriados
Dithmenos
Elyvilon
Fedhas
Gozag
Hepliaklqana
Kikubaaqudgha
Makhleb
Nemelex Xobeh
Okawaru
Qazlal
Ru
Sif Muna
Trog
Uskayaw
Vehumet
Wu Jian
Xom
Yredelemnul
Zin
The Shining One
Jiyva
Lugonu


Innate Abilities, Weirdness & Mutations

You have a pair of horns on your head.
You reflexively headbutt those who attack you in melee.


Message History

The kobold brigand is no longer distracted by gold.
The kobold demonologist looks braver for a moment.
The shadow imp disappears for a moment.
You puncture the kobold demonologist!
The kobold demonologist is almost dead.
The kobold demonologist casts a spell.
You hit the kobold demonologist.
The kobold demonologist is almost dead.
You closely miss the kobold demonologist.
You headbutt the kobold demonologist.
You kill the kobold demonologist!
The hellwing disappears in a puff of smoke!
The shadow imp disappears in a puff of smoke!
Your Fighting skill increases to level 10!
Your Polearms skill increases to level 13!
Your Armour skill increases to level 10!
You have reached level 7!
The vampire mosquito is no longer distracted by gold.
You block the vampire mosquito's attack.
Things that are here:
54 gold pieces; a +0 dagger; a +0 robe You hit the vampire mosquito.
The vampire mosquito is lightly damaged.
The vampire mosquito bites you but does no damage.
You puncture the vampire mosquito!
The vampire mosquito is severely damaged.
The vampire mosquito is distracted by your dazzling golden aura.
You closely miss the vampire mosquito.
The vampire mosquito is no longer distracted by gold.
The vampire mosquito buzzes angrily.
The vampire mosquito is severely damaged.
The vampire mosquito bites you.
* * * LOW HITPOINT WARNING * * *
The vampire mosquito draws strength from your injuries!
You closely miss the vampire mosquito.
Your headbutt misses the vampire mosquito.
The vampire mosquito is heavily damaged.
The vampire mosquito bites you!
You die...
Your body crumbles into a pile of gold. ▓▓▓▓▓▓▓▓▓▓▓▓▓▓▓▓▓▓▓▓▓▓ +.YKy@.$..[[[.)?!'____ ▓▓▓▓▓▓▓▓▓▓▓▓▓▓▓▓▓▓▓▓▓▓

You could see a yak, a vampire mosquito and a kobold brigand.

Vanquished Creatures
  A kobold demonologist (D)
  2 yaks (D)
  A centaur (D)
  A scorpion (D)
  A jelly (D)
  2 orcs (D)
  An endoplasm (D)
  A jackal (D)
  A ball python (D)
  2 rats (D)
13 creatures vanquished.

Notes
Turn   | Place    | Note
-------+----------+-------------------------------------------
     0 | D        | Heoruswealwe the Minotaur Fighter began the quest for the
                  | Orb.
     0 | D        | Reached XP level 1. HP: 19/19 MP: 0/0
    10 | D        | Reached skill level 3 in Polearms
    21 | D        | Noticed a jelly
    21 | D        | Noticed a centaur
    21 | D        | Noticed a scorpion
    27 | D        | Killed a scorpion
    28 | D        | Reached skill level 5 in Fighting
    28 | D        | Reached skill level 6 in Polearms
    28 | D        | Reached skill level 5 in Armour
    28 | D        | Reached XP level 2. HP: 19/30 MP: 1/1
    28 | D        | Reached XP level 3. HP: 24/37 MP: 2/2
    32 | D        | Killed a centaur
    33 | D        | Reached skill level 8 in Polearms
    33 | D        | Reached XP level 4. HP: 27/47 MP: 3/3
    33 | D        | Reached XP level 5. HP: 30/52 MP: 4/4
    43 | D        | Reached skill level 9 in Polearms
    50 | D        | Found a snail-covered altar of Cheibriados.
    50 | D        | Found a shadowy altar of Dithmenos.
    50 | D        | Found a white marble altar of Elyvilon.
    50 | D        | Found a blossoming altar of Fedhas.
    50 | D        | Found an opulent altar of Gozag.
    51 | D        | Found a hazy altar of Hepliaklqana.
    52 | D        | Found a viscous altar of Jiyva.
    53 | D        | Found an ancient bone altar of Kikubaaqudgha.
    54 | D        | Found a corrupted altar of Lugonu.
    55 | D        | Found a burning altar of Makhleb.
    56 | D        | Found a sparkling altar of Nemelex Xobeh.
    57 | D        | Found an iron altar of Okawaru.
    58 | D        | Became a worshipper of Gozag Ym Sagoz the Greedy
    59 | D        | Found a stormy altar of Qazlal.
    60 | D        | Found a sacrificial altar of Ru.
    61 | D        | Found a shimmering blue altar of Sif Muna.
    62 | D        | Found a bloodstained altar of Trog.
    63 | D        | Found a hide-covered altar of Uskayaw.
    64 | D        | Found a radiant altar of Vehumet.
    65 | D        | Found an ornate altar of the Wu Jian Council.
    66 | D        | Found a shimmering altar of Xom.
    67 | D        | Found a basalt altar of Yredelemnul.
    68 | D        | Found a glowing silver altar of Zin.
    69 | D        | Found a glowing golden altar of the Shining One.
    94 | D        | Noticed a yak
    94 | D        | Noticed a vampire mosquito
    94 | D        | Noticed a kobold demonologist
    94 | D        | Noticed a yak
    94 | D        | Noticed a yak
    95 | D        | Noticed a chaos spawn
   103 | D        | Killed a yak
   104 | D        | Reached skill level 11 in Polearms
   104 | D        | Reached XP level 6. HP: 15/62 MP: 5/5
   112 | D        | Killed a yak
   113 | D        | Reached skill level 12 in Polearms
   119 | D        | HP: 3/64 [kobold demonologist/+0 dagger (2)]
   124 | D        | Noticed a hellwing
   125 | D        | Killed a kobold demonologist
   126 | D        | Reached skill level 10 in Fighting
   126 | D        | Reached skill level 13 in Polearms
   126 | D        | Reached skill level 10 in Armour
   126 | D        | Reached XP level 7. HP: 5/73 MP: 6/6
   129 | D        | HP: 1/73 [vampire mosquito (5)]
   130 | D        | Mangled by a vampire mosquito

Illustrated notes

Levels and vault maps discovered:
D:        linesprint [early_d, line_temple, items_1, d_10, items_2, lair_1,
          lair_end, items_3, orc_1, orc_end, items_4, d_15, swamp_1, shoals_1,
          snake_1, spider_1, d_20, vaults_1, items_5, swamp_end, shoals_end,
          snake_end, spider_end, vaults_end, d_27, items_6, zot_1, zot_end,
          crypt_end, forest_end, elf_end, slime_end, tomb_end, abyss_end,
          pan_hell_end]

Skill      XL: |  1  2  3  4  5  6 |
---------------+-------------------+-----
Polearms       | 6 8 11 13 | 13.8
Fighting       | 5 7 8 10 | 10.4
Armour         | 5 7 8 10 | 10.4
Shields        | |  3.6

Action                     |  1- 3 |  4- 6 |  7- 9 || total
---------------------------+-------+-------+-------++-------
  Melee: Trident           |    21 |    38 |     4 ||    63
         Headbutt          |     3 |    10 |       ||    13
 Armour: Scale mail        |    12 |    14 |     3 ||    29
  Dodge: Dodged            |    16 |     6 |       ||    22
  Block: Buckler           |     4 |     5 |     1 ||    10
